 Dungeon Crawl Stone Soup version 0.31.0-32-g396128a36d (webtiles) character file.

Game seed: 5758540606063715296

1262 WildHunt the Apothecary (level 8, -2/52 HPs)
             Began as an Octopode Earth Elementalist on Apr 12, 2024.
             Slain by a ribbon worm (9 damage)
             ... on level 6 of the Dungeon.
             The game lasted 00:10:30 (6593 turns).

WildHunt the Apothecary (OpEE)                      Turns: 6593, Time: 00:10:30

Health: -2/52      AC:  1    Str:  8    XL:     8   Next: 52%
Magic:  21/21      EV: 13    Int: 19    God:
Gold:   330        SH:  5    Dex: 12    Spells: 8/13 levels left

rFire   . . .        m - +1 dagger (speed)
rCold   . . .        (no shield)
rNeg    . . .        (helmet restricted)
rPois   .            r - amulet of reflection
rElec   .            M - ring of magical power
rCorr   .            (no ring)
SInv    .            (no ring)
Will    .....        (no ring)
Stlth   ++++         (no ring)
HPRegen 0.28/turn    (no ring)
MPRegen 0.17/turn    (no ring)
                     (no ring)

%: reflection
@: no status effects
A: almost no armour, amphibious, 8 rings, camouflage 1, gelatinous body 1,
nimble swimmer 1, tentacles
a: no special abilities


You were on level 6 of the Dungeon.
You visited 1 branch of the dungeon, and saw 6 of its levels.

You collected 330 gold pieces.


Innate Abilities, Weirdness & Mutations

You cannot wear most types of armour.
You are amphibious.
You can wear up to eight rings at the same time.
Your skin changes colour to match your surroundings (Stealth+).
Your rubbery body absorbs attacks. (AC +1, EV +1)
You are camouflaged when in or above water. (Stealth+)
You have tentacles for arms and can constrict up to eight enemies at once.


   Skills:
 - Level 3.0 Fighting
 - Level 2.0 Short Blades
 - Level 2.0 Dodging
 - Level 4.0 Stealth
 - Level 3.0 Spellcasting
 - Level 1.0 Conjurations
 - Level 6.0 Earth Magic
 + Level 7.3 Alchemy


You had 8 spell levels left.
You knew the following spells:

 Your Spells              Type           Power      Damage    Failure   Level
p - Petrify               Alch/Erth      28%        N/A       10%         4
z - Sandblast             Erth           50%        2d12      1%          1

Your spell library contained the following spells:

 Spells                   Type           Power      Damage    Failure   Level
 Passwall                 Erth           25%        N/A       3%          3
 Stone Arrow              Conj/Erth      32%        3d9       11%         3
 Kiss of Death            Conj/Necr      16%        2d6       12%         1
 Apportation              Tloc           4%         N/A       16%         1
 Freeze                   Ice            8%         1d3       16%         1
 Necrotise                Necr           8%         1d4       16%         1
 Slow                     Hex            8%         N/A       16%         1
 Summon Small Mammal      Summ           8%         N/A       16%         1
 Alistair's Intoxication  Alch           20%        N/A       21%         5
 Ensorcelled Hibernation  Hex/Ice        4%         N/A       22%         2
 Jinxbite                 Hex            4%         N/A       22%         2
 Brom's Barrelling Bould  Conj/Erth      16%        2d4       34%         4
 Hailstorm                Conj/Ice       4%         3d5       36%         3
 Call Canine Familiar     Summ           2%         N/A       41%         3
 Confusing Touch          Hex            2%         N/A       41%         3
 Frozen Ramparts          Ice            4%         1d1       41%         3
 Inner Flame              Hex/Fire       2%         N/A       41%         3
 Sigil of Binding         Hex            2%         N/A       41%         3
 Swiftness                Air            2%         N/A       41%         3
 Vampiric Draining        Necr           2%         2d6       41%         3
 Volatile Blastmotes      Fire/Tloc      4%         2d10      41%         3
 Dispel Undead            Necr           2%         3d7       83%         4
 Martyr's Knell           Necr/Summ      2%         N/A       83%         4
 Summon Blazeheart Golem  Fire/Summ      2%         N/A       83%         4
 Curse of Agony           Necr           2%         N/A       99%         5
 Dispersal                Tloc           1%         N/A       100%        6

Inventory:

Hand Weapons
 m - a +1 dagger of speed (weapon)
Missiles
 c - 15 poisoned darts (quivered)
Magical Staves
 b - a staff of death {!a}
Jewellery
 r - an amulet of reflection (around mantle)
 M - a ring of magical power (left tentacle)
Wands
 s - a wand of charming (10)
Scrolls
 f - 3 scrolls of noise
 g - a scroll of torment {unknown}
 i - 2 scrolls of immolation {unknown}
 j - 5 scrolls of teleportation {@r2}
 k - a scroll of amnesia {unknown}
 l - 2 scrolls of revelation
 q - a scroll of fog {unknown}
 t - a scroll of identify {@r1}
Potions
 a - a potion of magic
 d - a potion of enlightenment
 e - 2 potions of invisibility {unknown}
 h - a potion of curing {@q1}
 n - a potion of haste {unknown}
 o - a potion of degeneration {unknown}
 p - a potion of heal wounds {unknown}
 u - a potion of mutation {unknown}

Dungeon Overview and Level Annotations

Branches:
Dungeon (6/15)
 Temple: D:4-7

Altars:
Makhleb

Portals:
Sewer: D:6

Annotations:
D:5 1 runed translucent door, SheePop's ghost, novice KoBr

#..............#
#..............#
#..............#
#..............##
###'###+###......
#...#....+......
#...o...........
#..Sw.....(.....
#...h~S@....#+##
#...~Wwr~.......
#...~~∩~~.......
#...~~~~~....#+#
#....~~~...###
#..........#
#..........#
#.....######
#######


You could see a black bear, a phantom, 2 ribbon worms, an adder, an orc, a ball
python and a rat.


Message History

The ribbon worm expels a string of sticky webbing.
The stream of webbing hits you but does no damage.
You are caught in a web!
Unknown command.
You hit the giant cockroach. Your grab misses the giant cockroach.
The giant cockroach is severely wounded.
The phantom hits you!
The phantom blinks!
You blink.
Floosh!
The adder hisses angrily.
The ball python hisses angrily.
The rat squeaks loudly.
You hit the giant cockroach.
You kill the giant cockroach!
The phantom barely misses you. You block the ball python's attack.
The ball python grabs you. The ball python constricts you. The adder bites you.
* * * LOW HITPOINT WARNING * * *
The phantom hits you!
* * * LOW HITPOINT WARNING * * *
The phantom blinks!
You blink.
The ball python loses its grip on you. The phantom hits you!
* * * LOW HITPOINT WARNING * * *
The phantom blinks!
You blink.
Floosh!
You fall into the shallow water.
Unknown command.
The phantom closely misses you. You block the rat's attack.
Unknown command.
The adder bites you.
* * * LOW HITPOINT WARNING * * *
The ribbon worm bites you!
You die...

Skill      XL: |  1  2  3  4  5  6  7  8 |
---------------+-------------------------+-----
Fighting       | 1 2 3 |  3.0
Earth Magic    | 4 5 6 |  6.0
Alchemy        | 4 5 6 7 |  7.3
Spellcasting   | 3 |  3.0
Stealth        | 4 |  4.0
Short Blades   | 2 |  2.0
Dodging        | |  2.0
Conjurations   | |  1.0

Action                     |  1- 3 |  4- 6 |  7- 9 || total
---------------------------+-------+-------+-------++-------
  Melee: Unarmed           |     9 |    17 |       ||    26
         Dagger            |    43 |   198 |   108 ||   349
         Constrict         |    15 |    41 |    19 ||    75
         Tentacles         |    14 |    51 |    25 ||    90
         Punch             |       |     6 |       ||     6
  Throw: Dart              |       |       |     5 ||     5
   Cast: Sandblast         |       |     9 |     7 ||    16
         Petrify           |       |     1 |    10 ||    11
    Use: Scroll            |       |     6 |       ||     6
         Potion            |       |     1 |       ||     1
   Stab: Sleeping          |     5 |     3 |     5 ||    13
         Petrified         |       |     7 |    15 ||    22
         Petrifying        |       |       |     3 ||     3
         Distracted        |       |       |     1 ||     1
 Armour: Skin              |    18 |   107 |    50 ||   175
  Dodge: Dodged            |    31 |    89 |    55 ||   175
  Block: Other             |       |       |    13 ||    13

Levels and vault maps discovered:
D:1:      enne_arrival_octagon_isle, layout_basic, minmay_tetromino_t4
D:2:      layout_basic, shapermc_ecumenical_altar_mp_urbaneastern
D:3:      layout_basic, old_standard_altar
D:4:      layout_basic, serial_curves, eino_curves_04, eino_curves_02
D:5:      layout_basic, ebering_ghost_sewer_d, minmay_circle_x
D:6:      layout_gridville, portal_sewer_entry_a

Notes
Turn   | Place    | Note
-------+----------+-------------------------------------------
     0 | D:1      | WildHunt the Octopode Earth Elementalist began the quest
                  | for the Orb.
     0 | D:1      | Reached XP level 1. HP: 11/11 MP: 3/3
    29 | D:1      | Reached skill level 1 in Fighting
   184 | D:1      | Reached XP level 2. HP: 10/18 MP: 5/5
   336 | D:1      | Reached skill level 2 in Fighting
   634 | D:2      | Reached skill level 4 in Earth Magic
   634 | D:2      | Reached XP level 3. HP: 19/24 MP: 6/6
   760 | D:1      | Reached XP level 4. HP: 23/29 MP: 7/7
  1055 | D:2      | Found a faded altar of an unknown god.
  1314 | D:2      | Got the Vellum of the Flaming Vector
  1391 | D:2      | Learned a level 4 spell: Petrify
  1429 | D:3      | Reached skill level 5 in Earth Magic
  1429 | D:3      | Reached XP level 5. HP: 26/34 MP: 8/8
  1484 | D:3      | Reached skill level 1 in Alchemy
  1578 | D:3      | Reached skill level 2 in Alchemy
  1743 | D:3      | Reached skill level 3 in Alchemy
  1975 | D:3      | Found a burning altar of Makhleb.
  1978 | D:3      | Noticed a kobold brigand
  1999 | D:3      | Killed a kobold brigand
  2000 | D:3      | Reached skill level 4 in Alchemy
  2000 | D:3      | Reached XP level 6. HP: 13/39 MP: 9/9
  2875 | D:4      | Reached skill level 5 in Alchemy
  3432 | D:4      | Reached skill level 3 in Spellcasting
  3432 | D:4      | Reached XP level 7. HP: 8/45 MP: 11/11
  3692 | D:4      | Reached skill level 3 in Stealth
  4588 | D:5      | Entered Level 5 of the Dungeon
  4637 | D:5      | Reached skill level 1 in Short Blades
  5005 | D:5      | Reached skill level 4 in Stealth
  5016 | D:5      | Reached skill level 2 in Short Blades
  5095 | D:5      | Reached skill level 6 in Alchemy
  5506 | D:5      | Reached XP level 8. HP: 6/50 MP: 12/12
  5510 | D:5      | Reached skill level 7 in Alchemy
  5540 | D:5      | Found a runed translucent door.
  5865 | D:5      | Reached skill level 3 in Fighting
  6156 | D:5      | Reached skill level 6 in Earth Magic
  6559 | D:5      | Noticed SheePop's ghost (novice KoBr)
  6582 | D:6      | Found a glowing drain.
  6593 | D:6      | Slain by a ribbon worm

Vanquished Creatures
  An ice beast (D:5)
  A black bear (D:5)
  A phantom (D:5)
  A kobold brigand (D:3)
  A bullfrog (D:5)
  4 scorpions
  2 bombardier beetles
  6 hounds
  A sleepcap (D:5)
  3 iguanas
  3 orc wizards
  10 adders
  A shadow imp (D:5)
  A white imp (D:5)
  3 dart slugs
  2 ribbon worms (D:2)
  17 orcs
  2 endoplasms
  6 giant cockroaches
  6 hobgoblins
  6 kobolds
  2 quokkas
  8 ball pythons
  3 bats
  4 frilled lizards
  8 goblins
  6 rats
109 creatures vanquished.

Table legend: (Time is in decaauts)
 A = Elapsed time spent in this place.
 B = Non-inter-level travel time spent in this place.
 C = Inter-level travel time spent in this place.
 D = Time resting spent in this place.
 E = Time spent auto-exploring this place.
 F = Levels seen in this place.
 G = Mean time per level.
                   A        B        C        D        E       F      G
               +--------+--------+--------+--------+--------+-----+--------+
         Total |   6512 |   6245 |    267 |   2307 |   2967 |   6 | 1085.3 |
       Dungeon |   6512 |   6245 |    267 |   2307 |   2967 |   6 | 1085.3 |
               +--------+--------+--------+--------+--------+-----+--------+

Top non-repeatable levels by time:
     D:4: 2190 daAuts
     D:5: 1658 daAuts
     D:3: 1242 daAuts
     D:1: 762 daAuts
     D:2: 642 daAuts
     D:6: 17 daAuts

Table legend:
 A = Non-vault XP
 B = Vault XP
 C = Vault XP percentage of total XP
 D = Non-vault monster count
 E = Vault monster count
 F = Vault count percentage of total count
                 A         B        C        D         E       F
            +---------+---------+-------+---------+---------+-------
      Total |    1330 |     473 |  26.2 |      98 |      11 |  10.1
            +---------+---------+-------+---------+---------+-------
        D:1 |      60 |       5 |   7.7 |      16 |       4 |  20.0
        D:2 |      93 |       0 |   0.0 |      19 |       0 |   0.0
        D:3 |     281 |       0 |   0.0 |      26 |       0 |   0.0
        D:4 |     271 |       0 |   0.0 |      23 |       0 |   0.0
        D:5 |     625 |     466 |  42.7 |      14 |       6 |  30.0
        D:6 |       0 |       2 | 100.0 |       0 |       1 | 100.0
            +---------+---------+-------+---------+---------+-------
